 Dungeon Crawl Stone Soup version 0.29.1-1-gd02db6906a (webtiles) character file.

Game seed: 9233491653564691157

753 LustLizard the Sneak (level 7, -7/35 HPs)
             Began as a Spriggan Arcane Marksman on Sept 21, 2022.
             Was an Initiate of Dithmenos.
             Killed by divine providence
             ... invoked by an orc priest
              (17 damage)
             ... on level 5 of the Dungeon.
             The game lasted 00:12:26 (5116 turns).

LustLizard the Sneak (Spriggan Arcane Marksman)     Turns: 5116, Time: 00:12:27

Health: -7/35      AC:  5    Str:  6    XL:     7   Next: 49%
Magic:  10/10      EV: 17    Int: 15    God:    Dithmenos [......]
Gold:   319        SH:  0    Dex: 17    Spells: 4/8 levels left

rFire   . . .      SeeInvis +   a - +1 sling
rCold   . . .      Faith    .   (no shield)
rNeg    . . .      Spirit   .   i - +0 steam dragon scales
rPois   +          Reflect  .   (helmet restricted)
rElec   .          Harm     .   (no cloak)
rCorr   .          Rampage  .   (gloves unavailable)
Will    +....                   (boots unavailable)
Stlth   ++........              (no amulet)
HPRegen 0.11/turn               u - ring of poison resistance
MPRegen 0.12/turn               (no ring)

@: confused, ambrosia-drunk, very quick
A: very small, no large weapons, unfitting armour, see invisible, speed 3
a: Renounce Religion


You were on level 5 of the Dungeon.
You worshipped Dithmenos.
Dithmenos was noncommittal.
You visited 1 branch of the dungeon, and saw 6 of its levels.

You collected 347 gold pieces.
You spent 28 gold pieces at shops.

Inventory:

Hand Weapons
 a - a +1 sling (weapon)
Armour
 c - a +0 robe
 i - +0 steam dragon scales (worn)
Jewellery
 g - a ring of fire
 o - a ring of fire
 u - a ring of poison resistance (left hand)
 w - a ring of flight
Wands
 q - a wand of mindburst (5)
Scrolls
 b - a scroll of poison
 d - 2 scrolls of enchant weapon {unknown}
 e - a scroll of silence {unknown}
 m - 2 scrolls of vulnerability {unknown}
 n - 2 scrolls of enchant armour
 p - 3 scrolls of teleportation {unknown}
 r - a scroll of amnesia {unknown}
 v - a scroll of brand weapon {unknown}
 x - a scroll of summoning {unknown}
Potions
 f - 2 potions of berserk rage
 h - 2 potions of ambrosia
 j - 2 potions of curing
 k - a potion of degeneration
 l - 2 potions of might
 s - a potion of heal wounds {unknown}
 t - 2 potions of lignification {unknown}


   Skills:
 + Level 2.8 Fighting
 * Level 5.2 Ranged Weapons
 - Level 2.6 Dodging
 * Level 7.3 Stealth
 - Level 1.3 Spellcasting
 - Level 4.0 Hexes
 - Level 4.0 Translocations


You had 4 spell levels left.
You knew the following spells:

 Your Spells              Type           Power      Damage    Failure   Level
a - Slow                  Hex            52%        N/A       4%          1
b - Portal Projectile     Hex/Tloc       26%        N/A       14%         3

Your spell library contained the following spells:

 Spells                   Type           Power      Damage    Failure   Level
 Confusing Touch          Hex            13%        N/A       14%         3
 Inner Flame              Hex/Fire       7%         N/A       30%         3
 Cause Fear               Hex            6%         N/A       41%         4
 Frozen Ramparts          Ice            2%         1d1       56%         3
 Vampiric Draining        Necr           1%         2d6       56%         3
 Ice Form                 Ice/Tmut       1%         N/A       93%         4
 Summon Ice Beast         Ice/Summ       1%         N/A       93%         4


Dungeon Overview and Level Annotations

Branches:
Dungeon (6/15)             Temple (0/1) D:5

Altars:
Ashenzari
Dithmenos
Okawaru
Uskayaw
Yredelemnul
Zin

Shops:
D:1 ?

Annotations:
D:5 Dowan, Duvessa
D:6 exclusion: steam dragon, Blork the orc


Innate Abilities, Weirdness & Mutations

You are very small and have problems with some larger weapons.
You are too small for most types of armour.
You have supernaturally acute eyesight. (SInv)
You cover ground extremely quickly. (Speed+++)


Message History

You shoot a sling bullet.
The sling bullet hits the orc priest but does no damage.
The orc priest is lightly wounded.
The orc priest hits you but does no damage.
Fire: a) +1 sling
Press: ? - help, Q - select action, (/) - cycle Shift-Dir - straight line, f/p - orc priest
Aim: an orc priest, wielding a +0 club (lightly wounded, 62% to hit)
You shoot a sling bullet. The sling bullet hits the orc priest.
The orc priest is moderately wounded.
The orc priest closely misses you.
Fire: a) +1 sling
Press: ? - help, Q - select action, (/) - cycle Shift-Dir - straight line, f/p - orc priest
Aim: an orc priest, wielding a +0 club (moderately wounded, 62% to hit)
You shoot a sling bullet.
The sling bullet hits the orc priest but does no damage.
The orc priest is moderately wounded.
The orc priest hits you with a +0 club.
Fire: a) +1 sling
Press: ? - help, Q - select action, (/) - cycle Shift-Dir - straight line, f/p - orc priest
Aim: an orc priest, wielding a +0 club (moderately wounded, 62% to hit)
You shoot a sling bullet.
The sling bullet closely misses the orc priest.
The orc priest miscasts a cantrip.
Fire: a) +1 sling
Press: ? - help, Q - select action, (/) - cycle Shift-Dir - straight line, f/p - orc priest
Aim: an orc priest, wielding a +0 club (moderately wounded, 62% to hit)
You shoot a sling bullet. The sling bullet hits the orc priest.
The orc priest is heavily wounded.
The orc priest misses you.
The orc priest invokes the aid of Beogh against you.
Beogh smites you!
* * * LOW HITPOINT WARNING * * *
You are confused.
You feel invigorated. The orc priest barely misses you.
Non-targeted confused fire: a) +1 sling
Press: ? - help, Q - select action, (/) - cycle Dir - look around, f - activate You shoot a sling bullet.
The orc priest calls down the wrath of Beogh upon you.
Beogh smites you!
You die...

### #.# ..########.#
...g..Sg...#
..#.######.##### #.#
#.......# #.#
#.#.##.##### #.#
#.#.##○..@.##### ###.##
#.#e##.###o#...##.
#....###.#.#..#...°......
#........#)#......###<...
#.....#..#.#.###.........
###............o...#.#..#
......#....#.#.#.#...#
#####.#..#...#.#o##### .
.#.......#.#.....#...#..


You could see an orc priest.

Vanquished Creatures
  A black bear (D:4)
  A necrophage (D:5)
  2 scorpions
  4 wights (D:4)
  A jelly (D:5)
  Jessica (D:2)
  An iguana (D:3)
  An orc wizard (D:4)
  3 gnolls (D:5)
  4 adders
  A shadow imp (D:5)
  A white imp (D:5)
  4 dart slugs
  8 orcs
  7 bats
  8 endoplasms
  4 giant cockroaches
  5 goblins
  7 hobgoblins
  4 quokkas
  8 ball pythons
  4 frilled lizards
  5 kobolds
  14 rats
99 creatures vanquished.

Notes
Turn   | Place    | Note
-------+----------+-------------------------------------------
     0 | D:1      | LustLizard the Spriggan Arcane Marksman began the quest for
                  | the Orb.
     0 | D:1      | Reached XP level 1. HP: 9/9 MP: 3/3
   168 | D:1      | Reached skill level 1 in Stealth
   209 | D:1      | Reached XP level 2. HP: 14/14 MP: 5/5
   219 | D:1      | Reached skill level 1 in Fighting
   448 | D:1      | Reached skill level 2 in Stealth
   677 | D:1      | Reached XP level 3. HP: 18/18 MP: 6/6
   759 | D:1      | Found Heqiyth's Magic Scroll Shoppe.
   769 | D:1      | Bought a scroll of identify for 28 gold pieces
  1410 | D:2      | Noticed Jessica
  1418 | D:2      | Killed Jessica
  1419 | D:2      | Reached skill level 3 in Stealth
  1419 | D:2      | Reached XP level 4. HP: 22/22 MP: 5/7
  1615 | D:2      | Learned a level 3 spell: Portal Projectile
  1912 | D:3      | Noticed a scorpion
  1938 | D:3      | Killed a scorpion
  1939 | D:3      | Reached skill level 4 in Stealth
  1939 | D:3      | Reached skill level 1 in Translocations
  1939 | D:3      | Reached XP level 5. HP: 26/26 MP: 8/8
  3262 | D:4      | Noticed a black bear
  3330 | D:4      | Killed a black bear
  3331 | D:4      | Reached skill level 5 in Stealth
  3331 | D:4      | Reached XP level 6. HP: 24/30 MP: 7/9
  3489 | D:4      | Found a shadowy altar of Dithmenos.
  3489 | D:4      | Found a basalt altar of Yredelemnul.
  3489 | D:4      | Found a glowing silver altar of Zin.
  3489 | D:4      | Found a hide-covered altar of Uskayaw.
  3497 | D:4      | Became a worshipper of Dithmenos the Shadowed
  3505 | D:4      | Found an iron altar of Okawaru.
  3505 | D:4      | Found a broken altar of Ashenzari.
  3896 | D:4      | Reached skill level 6 in Stealth
  3962 | D:4      | Reached XP level 7. HP: 35/35 MP: 10/10
  4108 | D:5      | Entered Level 5 of the Dungeon
  4149 | D:5      | Found a staircase to the Ecumenical Temple.
  4168 | D:5      | You fall into a shaft and drop 1 floor!
  4172 | D:6      | Noticed a steam dragon
  4214 | D:6      | Noticed Blork the orc
  4447 | D:5      | Reached skill level 5 in Ranged Weapons
  4468 | D:5      | Reached skill level 7 in Stealth
  4980 | D:5      | Noticed Duvessa
  4982 | D:5      | Noticed Dowan
  5116 | D:5      | Killed from afar by an orc priest

Illustrated notes

Levels and vault maps discovered:
D:1:      ncdulo_watergridlock, layout_basic, serial_shops, shop
D:2:      layout_basic, grunt_ministairs_8, minmay_rat_gold_closets,
          uniq_jessica
D:3:      layout_basic
D:4:      layout_loops_cross, minmay_overflow_temple_hex
D:5:      layout_basic, minmay_temple_entry_junction,
          minmay_misc_feat_diagonals, uniq_duvessa
D:6:      layout_layer_cave, mainiacjoe_overflow_concentric_impassable,
          serial_shops, nicolae_diamond_shop, moated_statue,
          nicolae_shop_firing_range, uniq_blork_the_orc, uniq_edmund

Skill      XL: |  1  2  3  4  5  6  7 |
---------------+----------------------+-----
Stealth        | 1 2 3 4 5 6 7 |  7.3
Fighting       | 1 2 |  2.8
Hexes          | 4 |  4.0
Ranged Weapons | 3 4 5 |  5.2
Translocations | 1 3 4 |  4.0
Dodging        | |  2.6
Spellcasting   | |  1.3

Action                   |  1- 3 |  4- 6 |  7- 9 || total
-------------------------+-------+-------+-------++-------
 Fire: Sling             |   134 |   218 |   113 ||   465
 Cast: Slow              |     1 |    11 |     2 ||    14
  Use: Scroll            |     2 |     4 |     1 ||     7
       Potion            |       |       |     1 ||     1
Armor: Robe              |     6 |       |       ||     6
       Steam dragon scal |     8 |     5 |     4 ||    17
Dodge: Dodged            |    36 |    42 |    13 ||    91
